 Dungeon Crawl Stone Soup version 0.31-a0-358-gac0dbeb3ab (webtiles) character file.

Game seed: 12283960051591956103

161 RepHenryClay the Ducker (level 5, -3/30 HPs)
             Began as a Vampire Gladiator on July 25, 2023.
             Slain by a mummy (14 damage)
             ... in an ossuary.
             The game lasted 00:05:41 (2737 turns).

RepHenryClay the Ducker (Vampire Gladiator)         Turns: 2737, Time: 00:05:42

Health: -3/30      AC:  8    Str: 15    XL:     5   Next: 18%
Magic:  5/5        EV: 12    Int: 11    God:
Gold:   208        SH:  0    Dex: 15    Spells: 4/4 levels left

rFire   . . .        l - +0 scimitar (drain)
rCold   + + .        (no shield)
rNeg    + + +        h - +0 ring mail
rPois   ∞            c - +0 helmet
rElec   .            x - +0 cloak
rCorr   .            (no gloves)
SInv    +            q - +0 pair of boots
Will    .....        (no amulet)
Stlth   +++          (no ring)
HPRegen 0.00/turn    (no ring)
MPRegen 0.09/turn

%: no passive effects
@: bloodless, inhibited regen
A: bloodless, fangs 3, see invisible, vampiric 2
a: Bat Form, Revivify


You were in an ossuary.
You visited 1 branch of the dungeon, and saw 4 of its levels.
You also visited: Ossuary.

You collected 208 gold pieces.

Inventory:

Hand Weapons
 a - a +0 long sword
 l - a +0 scimitar of draining (weapon)
Missiles
 d - 5 throwing nets (quivered)
 e - a javelin
Armour
 c - a +0 helmet (worn)
 h - a +0 ring mail (worn)
 q - a +0 pair of boots (worn)
 x - a +0 cloak (worn)
Jewellery
 n - a ring of ice
 p - an amulet of the acrobat
 z - an amulet of regeneration
Wands
 v - a wand of digging (3)
Scrolls
 f - 2 scrolls of fear
 j - a scroll of fog
 o - a scroll of brand weapon
 w - a scroll of summoning {unknown}
 y - a scroll of identify {unknown}
 A - a scroll of enchant weapon {unknown}
Potions
 i - 2 potions of heal wounds {unknown}
 k - a potion of degeneration {unknown}
 m - 4 potions of mutation {unknown}
 s - 2 potions of magic {unknown}
 t - a potion of might {unknown}
 u - 2 potions of berserk rage {unknown}


   Skills:
 - Level 1.7 Fighting
 + Level 4.6 Long Blades
 - Level 1.5 Throwing
 + Level 5.1 Dodging


You had 4 spell levels left.
You didn't know any spells.
Your spell library contained the following spells:

 Spells                   Type           Power      Damage    Failure   Level
 Magic Dart               Conj           0%         1d3       56%         1
 Call Imp                 Summ           0%         N/A       71%         2
 Mephitic Cloud           Conj/Pois/Air  0%         N/A       91%         3


Dungeon Overview and Level Annotations

Branches:
Dungeon (4/15)            Ossuary (1/1)
 Temple: D:4-7

Altars:


Innate Abilities, Weirdness & Mutations

You do not regenerate when monsters are visible.
You are frail without blood (-20% HP).
You can heal yourself when you bite living creatures.
You are immune to poison.
You have razor-sharp teeth.
You have supernaturally acute eyesight. (SInv)
You are afflicted with vampirism and can become a bat while bloodless.


Message History

The kobold zombie hits you but does no damage.
You hit the mummy.
The mummy is moderately damaged.
The kobold zombie misses you. The mummy hits you.
Damage: -3%(-1hp) hp: 67%(20hp)
You closely miss the mummy.
The mummy is moderately damaged.
The kobold zombie closely misses you.
You barely miss the mummy. Your bite misses the mummy.
The mummy is moderately damaged.
The mummy hits you.
Damage: -7%(-2hp) hp: 60%(18hp)
You are too injured to fight recklessly!
You are too injured to fight recklessly!
You closely miss the kobold zombie. The kobold zombie barely misses you.
The mummy hits you.
Damage: -10%(-3hp) hp: 50%(15hp)
You barely miss the kobold zombie. You bite the kobold zombie.
The kobold zombie is moderately damaged.
The kobold zombie closely misses you.
You hit the kobold zombie but do no damage.
You bite the kobold zombie.
The kobold zombie is severely damaged.
The kobold zombie barely misses you. The mummy hits you.
* * * LOW HITPOINT WARNING * * *
Huge Dmg: -13%(-4hp) hp: 37%(11hp)
You hit the kobold zombie.
The kobold zombie is almost destroyed.
The kobold zombie hits you but does no damage.
The mummy closely misses you.
Unknown command.
You closely miss the kobold zombie. You punch the kobold zombie.
You destroy the kobold zombie!
You closely miss the mummy. Your bite misses the mummy.
The mummy is moderately damaged.
The mummy completely misses you.
You hit the mummy.
The mummy is moderately damaged.
The mummy hits you!
You die...

##################
#.#.##...........##
#+#'#'#.............#
#..........8...8.....
#.........@MZ........
#'#'#########'#######
#.##.## +.......+
#..##.# #..Z....#
#...##^# #.......#
#....##.##.......##
#.....##.#.......#.
#......'.#...8...#.
#.....##.#.......#^##


You could see a mummy and a gnoll zombie.

Vanquished Creatures
  6 adders
  2 worms
  A dart slug (D:2)
  7 orcs
  A spectral bat (Ossuary)
  3 ball pythons
  4 endoplasms
  2 giant cockroaches (D:1)
  7 goblins
  9 hobgoblins
  3 jackals
  8 kobolds
  3 quokkas
  2 bats
  2 frilled lizards
  3 gnoll zombies (Ossuary)
  7 goblin zombies (Ossuary)
  2 hobgoblin zombies (Ossuary)
  4 kobold zombies (Ossuary)
  5 orc zombies (Ossuary)
  7 rats
  5 spectral goblins (Ossuary)
  2 spectral kobolds (Ossuary)
95 creatures vanquished.

Notes
Turn   | Place    | Note
-------+----------+-------------------------------------------
     0 | D:1      | RepHenryClay the Vampire Gladiator began the quest for the
                  | Orb.
     0 | D:1      | Reached XP level 1. HP: 16/16 MP: 1/1
   200 | D:1      | Reached XP level 2. HP: 22/22 MP: 2/2
   506 | D:1      | Found a faded altar of an unknown god.
   955 | D:2      | Reached skill level 4 in Dodging
   955 | D:2      | Gained mutation: You are afflicted with vampirism and can
                  | become a bat while bloodless. [Vampire growth]
   955 | D:2      | Reached XP level 3. HP: 15/27 MP: 3/3
  1020 | D:2      | You fall into a shaft and drop 1 floor!
  1613 | D:2      | Reached XP level 4. HP: 29/33 MP: 4/4
  2416 | D:4      | Reached skill level 5 in Dodging
  2468 | D:4      | Found a sand-covered staircase.
  2477 | D:4      | Reached XP level 5. HP: 23/30 MP: 5/5
  2481 | Ossuary  | Entered an ossuary
  2737 | Ossuary  | Slain by a mummy

Illustrated notes

Levels and vault maps discovered:
D:1:      lightli_arrival_chessboard, layout_basic,
          shapermc_ecumenical_altar_mp_highgroup
D:2:      layout_basic, kennysheep_generic_room_5
D:3:      layout_loops_cross
D:4:      layout_rooms, enter_ossuary_3, minmay_puff
Ossuary:  ossuary_zaba_two_paths

Skill      XL: |  1  2  3  4 |
---------------+-------------+-----
Dodging        | 4 5 |  5.1
Long Blades    | 4 |  4.6
Fighting       | |  1.7
Throwing       | |  1.5

Action                     |  1- 3 |  4- 6 || total
---------------------------+-------+-------++-------
  Melee: Long sword        |   119 |    52 ||   171
         Bite              |    11 |    16 ||    27
         Scimitar          |       |    90 ||    90
         Punch             |       |     2 ||     2
Ability: Exsanguinate      |       |     1 ||     1
    Use: Scroll            |       |     6 ||     6
   Stab: Sleeping          |       |     5 ||     5
 Armour: Ring mail         |    43 |    59 ||   102
  Dodge: Dodged            |    76 |    97 ||   173

Table legend: (Time is in decaauts)
 A = Elapsed time spent in this place.
 B = Non-inter-level travel time spent in this place.
 C = Inter-level travel time spent in this place.
 D = Time resting spent in this place.
 E = Time spent auto-exploring this place.
 F = Levels seen in this place.
 G = Mean time per level.
                   A        B        C        D        E       F      G
               +--------+--------+--------+--------+--------+-----+--------+
         Total |   2790 |   2594 |    196 |    152 |   1788 |   5 |  558.0 |
       Dungeon |   2521 |   2325 |    196 |     92 |   1704 |   4 |  630.2 |
       Ossuary |    268 |    268 |      0 |     60 |     84 |   1 |  268.0 |
               +--------+--------+--------+--------+--------+-----+--------+

Top non-repeatable levels by time:
     D:1: 948 daAuts
     D:3: 771 daAuts
     D:2: 717 daAuts
 Ossuary: 268 daAuts
     D:4: 83 daAuts
